Admirals vs Wolfpack
Created - Monday, January 13, 2025 at 23:30
Goals
|
Admirals |
2 |
0 |
1 |
3 |
Wolfpack |
1 |
2 |
2 |
5 |
|
Shots
|
Admirals |
11 |
5 |
11 |
27 |
Wolfpack |
4 |
18 |
8 |
30 |
|
1st period
1. Admirals , Boris Katchouk 24 (Michael Pezzetta 12, Brandt Clarke 22) at 3:29
2. Admirals , Jeff Kubiak 5 (Gage Goncalves 16, Ethan Prow 10) at 5:47
3. Wolfpack , John Leonard 14 (Cole Schneider 13, Vasili Ponomarev 16) at 10:33
Penalties :
Dillon Heatherington (HAR) for Fighting (Major) at 8:14, Jeff Kubiak (MIL) for Fighting (Major) at 8:14, Dillon Heatherington (HAR) for instigated a fight (Game Misconduct) at 8:14, Mavrik Bourque (HAR) for Roughing (Minor) at 11:18, Jacob MacDonald (HAR) for Holding (Minor) at 15:45
2nd period
4. Wolfpack , John Leonard 15 (Cole Schneider 14) at 6:36
5. Wolfpack , Mavrik Bourque 16 (Mackenzie Entwistle 22, Marco Scandella 25) at 18:47 (PP)
Penalties :
Robbie Russo (MIL) for Roughing (Minor) at 4:03, Derrick Pouliot (MIL) for Hooking (Minor) at 7:04, Taylor Ward (MIL) for Hooking (Minor) at 13:44, Ethan Prow (MIL) for Holding (Minor) at 18:20, Jacob MacDonald (HAR) for Tripping (Minor) at 18:58, Boris Katchouk (MIL) for Tripping (Minor) at 19:56
3rd period
6. Wolfpack , Matthew Phillips 4 (Mavrik Bourque 33, Tyler Madden 9) at 9:32
7. Admirals , Brandt Clarke 12 (Adam Brooks 24, Jesse Ylonen 30) at 16:19 (PP)
8. Wolfpack , Vasili Ponomarev 8 (John Leonard 13) at 18:56
Penalties :
Marco Scandella (HAR) for Delaying the game (Minor) at 2:39, Nicolas Deslauriers (HAR) for Interference (Minor) at 13:10, Colton White (HAR) for Hooking (Minor) at 15:19
Goalie Stats
Alex Stalock (MIL), 25 saves from 30 shots - (0.833), L, 9-4-1, 60:00 minutes
Jesper Wallstedt (HAR), 24 saves from 27 shots - (0.889), W, 23-11-8, 60:00 minutes
Players Stats for Admirals
Player Name G A P +/- PIM S H SB GA TA FO MP PP MP PK MP
------------------------------------------------------------------------------------
Adam Brooks 0 1 1 -1 0 2 1 0 0 0 13/26 17:43 5:57 0:00
Boris Katchouk 1 0 1 0 2 3 2 1 0 0 1/2 21:00 4:54 2:08
Brandt Clarke 1 1 2 0 0 1 0 1 0 0 0/0 22:10 5:18 2:48
Derrick Pouliot 0 0 0 0 2 2 3 4 0 0 0/0 21:19 5:18 1:58
Ethan Prow 0 1 1 0 2 0 0 1 0 0 0/0 21:53 6:35 4:07
FarmPlay1 0 0 0 -1 0 0 0 0 0 0 0/1 5:19 1:01 3:42
Gage Goncalves 0 1 1 0 0 5 0 2 0 0 6/12 23:26 5:36 4:11
Jeff Kubiak 1 0 1 0 5 3 0 2 0 0 3/13 13:28 0:00 0:00
Jesse Ylonen 0 1 1 -2 0 3 1 0 0 0 3/7 22:13 5:05 1:48
Landon Slaggert 0 0 0 -1 0 0 0 0 0 0 0/2 7:08 2:03 0:49
Michael Karow 0 0 0 -1 0 0 2 1 0 0 0/0 17:23 0:00 2:28
Michael Pezzetta 0 1 1 1 0 2 4 0 0 0 0/0 8:26 0:00 0:00
Nick Jones 0 0 0 -1 0 0 1 0 0 0 0/2 14:18 0:00 0:18
Nick Wolff 0 0 0 0 0 0 0 0 0 0 0/0 0:00 0:00 0:00
Robbie Russo 0 0 0 -1 2 0 1 2 0 0 0/0 21:37 6:35 3:17
Taylor Ward 0 0 0 -1 2 2 0 0 0 0 0/1 18:02 6:17 0:00
Vinni Lettieri 0 0 0 0 0 3 0 0 0 0 5/17 20:31 4:45 1:48
William Wallinder 0 0 0 -2 0 1 2 4 0 0 0/0 15:35 0:00 0:06
Players Stats for Wolfpack
Player Name G A P +/- PIM S H SB GA TA FO MP PP MP PK MP
------------------------------------------------------------------------------------
Charles Hudon 0 0 0 0 0 1 1 1 0 0 10/17 18:41 3:49 4:31
Cole Schneider 0 2 2 2 0 4 1 0 0 0 5/5 15:56 0:00 2:22
Colton White 0 0 0 0 2 1 1 1 0 0 0/0 17:20 0:00 1:52
Dillon Heatherington 0 0 0 0 17 0 0 0 0 0 0/0 2:43 0:00 0:00
Drake Caggiula 0 0 0 0 0 1 0 1 0 0 0/2 16:17 3:33 4:55
Drew Helleson 0 0 0 3 0 0 3 1 0 0 0/0 19:49 0:00 3:17
Gage Quinney 0 0 0 0 0 4 1 0 0 0 1/2 15:49 3:49 1:45
Jacob MacDonald 0 0 0 0 4 1 4 0 0 0 0/0 17:27 3:47 4:29
John Leonard 2 1 3 2 0 2 1 0 0 0 0/0 13:57 0:23 0:00
Josh Mahura 0 0 0 1 0 0 0 0 0 0 0/0 18:02 3:35 4:56
Mackenzie Entwistle 0 1 1 0 0 1 3 0 0 0 1/2 17:48 3:33 5:37
Marco Scandella 0 1 1 -1 2 4 0 2 0 0 0/0 21:58 3:35 3:24
Matthew Phillips 1 0 1 0 0 2 0 0 0 0 0/0 8:12 0:00 0:00
Mavrik Bourque 1 1 2 0 2 6 2 0 0 0 20/31 24:51 3:33 4:29
Nicolas Deslauriers 0 0 0 0 2 2 5 0 0 0 0/2 13:40 3:26 0:00
Tyler Madden 0 1 1 0 0 0 0 0 0 0 6/10 8:12 0:00 0:00
Vasili Ponomarev 1 1 2 2 0 1 0 0 0 0 9/12 13:44 0:00 0:10
Will Butcher 0 0 0 1 0 0 2 0 0 0 0/0 22:33 3:47 5:45
3 Stars
1 - John Leonard (HAR)
2 - Vasili Ponomarev (HAR)
3 - Cole Schneider (HAR)
Power Play
Admirals - 1 on 7 Attempt(s) - 14.29%
Wolfpack - 1 on 5 Attempt(s) - 20.00%
Penalty Kill
Admirals - 4 on 5 Attempt(s) - 80.00%
- Score 0 goal in Penalty Kill
Wolfpack - 6 on 7 Attempt(s) - 85.71%
- Score 0 goal in Penalty Kill
Team Stat
Admirals - Hits : 17 - Faceoff Wins : 31 - Blocked Shots : 18 - Penalty Minutes : 15
Wolfpack - Hits : 24 - Faceoff Wins : 52 - Blocked Shots : 6 - Penalty Minutes : 29
Official
Referees : Francis Charron and Pierre Lambert
Linesman : Scott Cherrey and Mitchell Hunt
Game Notes
Dillon Heatherington beats up Jeff Kubiak at 8:14 of 1st period
Dillon Heatherington (HAR) for instigated a fight (Game Misconduct) at 8:14
Dillon Heatherington ejected from game at 8:14 of 1st period
Finance
Level 1 -- Attendance: 1793 (89.65%) -- Ticket Income $62,755
Level 2 -- Attendance: 943 (94.30%) -- Ticket Income $14,145
Total Attendance: 2736 (91.20%)
Total Ticket Income: $76,900
Other Income: $37,681
Total Income: $114,581
Admirals
5 vs 5 Forward
Center Left Wing Right Wing Time % Phy DF OF
1 Vinni Lettieri Boris Katchouk Michael Pezzetta 25 1 2 2
2 Adam Brooks Jesse Ylonen Taylor Ward 25 1 2 2
3 Jeff Kubiak Gage Goncalves Nick Jones 25 1 2 2
4 Jesse Ylonen Vinni Lettieri Boris Katchouk 25 1 2 2
5 vs 5 Defense
Defense Defense Time % Phy DF OF
1 Derrick Pouliot Brandt Clarke 25 1 2 2
2 Robbie Russo Ethan Prow 25 1 2 2
3 William Wallinder Michael Karow 25 1 2 2
4 Brandt Clarke Derrick Pouliot 25 1 2 2
PowerPlay Forward
Center Left Wing Right Wing Time % Phy DF OF
1 Vinni Lettieri Boris Katchouk Gage Goncalves 60 1 2 2
2 Adam Brooks Jesse Ylonen Taylor Ward 40 1 2 2
PowerPlay Defense
Defense Defense Time % Phy DF OF
1 Derrick Pouliot Brandt Clarke 60 1 2 2
2 Robbie Russo Ethan Prow 40 1 2 2
Penalty Kill 4 Players Forward
Center Wing Time % Phy DF OF
1 Gage Goncalves Boris Katchouk 60 1 2 2
2 Jesse Ylonen Vinni Lettieri 40 1 2 2
Penalty Kill 4 Players Defense
Defense Defense Time % Phy DF OF
1 Derrick Pouliot Brandt Clarke 60 1 2 2
2 Robbie Russo Ethan Prow 40 1 2 2
Penalty Kill - 3 Players Forward
Forward Time % Phy DF OF
1 Jesse Ylonen 60 1 2 2
2 Boris Katchouk 40 1 2 2
Penalty Kill - 3 Players Defense
Defense Defense Time % Phy DF OF
1 Derrick Pouliot Brandt Clarke 60 1 2 2
2 Robbie Russo Ethan Prow 40 1 2 2
4 vs 4 Forward
Center Wing Time % Phy DF OF
1 Gage Goncalves Boris Katchouk 60 1 2 2
2 Jesse Ylonen Vinni Lettieri 40 1 2 2
4 vs 4 Defense
Defense Defense Time % Phy DF OF
1 Derrick Pouliot Brandt Clarke 60 1 2 2
2 Robbie Russo Ethan Prow 40 1 2 2
Last Minutes Offensive
Center Left Wing Right Wing Defense Defense
Vinni Lettieri Boris Katchouk Jesse Ylonen Derrick Pouliot Brandt Clarke
Last Minutes Defensive
Center Left Wing Right Wing Defense Defense
Vinni Lettieri Boris Katchouk Jesse Ylonen Derrick Pouliot Brandt Clarke
Goaltenders
Starting : Alex Stalock
Backup : Garret Sparks
Extra Forwards
Normal : Landon Slaggert, Gage Goncalves, Jesse Ylonen - PP : Landon Slaggert, Gage Goncalves - PK : Boris Katchouk
Extra Defensemen
Normal : William Wallinder, Michael Karow, Brandt Clarke - PP : William Wallinder - PK : Michael Karow, Derrick Pouliot
Penalty Shots
Landon Slaggert, Boris Katchouk, Jesse Ylonen, Vinni Lettieri, Gage Goncalves
Custom OT Lines Forwards
Nick Jones, Boris Katchouk, Jesse Ylonen, Vinni Lettieri, Gage Goncalves, Michael Pezzetta, Landon Slaggert, Adam Brooks, Taylor Ward, Jeff Kubiak
Custom OT Lines Defensemen
Derrick Pouliot, Brandt Clarke, Robbie Russo, Ethan Prow, William Wallinder
Scratches
Nolan Allan (Healthy), Kyle Clifford (Torn Right MCL Injury), Ville Husso (Suspend), Farm Goalie 18 (Healthy)
Wolfpack
5 vs 5 Forward
Center Left Wing Right Wing Time % Phy DF OF
1 Mavrik Bourque Mackenzie Entwistle Drake Caggiula 25 1 2 2
2 Charles Hudon Gage Quinney Nicolas Deslauriers 25 1 2 2
3 Vasili Ponomarev Cole Schneider John Leonard 25 1 2 2
4 Tyler Madden Mavrik Bourque Matthew Phillips 25 1 2 2
5 vs 5 Defense
Defense Defense Time % Phy DF OF
1 Marco Scandella Josh Mahura 25 1 2 2
2 Jacob MacDonald Will Butcher 25 1 2 2
3 Dillon Heatherington Drew Helleson 25 1 2 2
4 Colton White Marco Scandella 25 1 2 2
PowerPlay Forward
Center Left Wing Right Wing Time % Phy DF OF
1 Mavrik Bourque Mackenzie Entwistle Drake Caggiula 60 1 2 2
2 Charles Hudon Gage Quinney Nicolas Deslauriers 40 1 2 2
PowerPlay Defense
Defense Defense Time % Phy DF OF
1 Marco Scandella Josh Mahura 60 1 2 2
2 Jacob MacDonald Will Butcher 40 1 2 2
Penalty Kill 4 Players Forward
Center Wing Time % Phy DF OF
1 Mavrik Bourque Mackenzie Entwistle 60 1 2 2
2 Drake Caggiula Charles Hudon 40 1 2 2
Penalty Kill 4 Players Defense
Defense Defense Time % Phy DF OF
1 Marco Scandella Josh Mahura 60 1 2 2
2 Jacob MacDonald Will Butcher 40 1 2 2
Penalty Kill - 3 Players Forward
Forward Time % Phy DF OF
1 Mavrik Bourque 60 1 2 2
2 Mackenzie Entwistle 40 1 2 2
Penalty Kill - 3 Players Defense
Defense Defense Time % Phy DF OF
1 Marco Scandella Josh Mahura 60 1 2 2
2 Jacob MacDonald Will Butcher 40 1 2 2
4 vs 4 Forward
Center Wing Time % Phy DF OF
1 Mavrik Bourque Mackenzie Entwistle 60 1 2 2
2 Drake Caggiula Charles Hudon 40 1 2 2
4 vs 4 Defense
Defense Defense Time % Phy DF OF
1 Marco Scandella Josh Mahura 60 1 2 2
2 Jacob MacDonald Will Butcher 40 1 2 2
Last Minutes Offensive
Center Left Wing Right Wing Defense Defense
Mavrik Bourque Mackenzie Entwistle Drake Caggiula Marco Scandella Josh Mahura
Last Minutes Defensive
Center Left Wing Right Wing Defense Defense
Mavrik Bourque Mackenzie Entwistle Drake Caggiula Marco Scandella Josh Mahura
Goaltenders
Starting : Jesper Wallstedt
Backup : Cal Petersen
Extra Forwards
Normal : John Leonard, Vasili Ponomarev, Cole Schneider - PP : John Leonard, Vasili Ponomarev - PK : Cole Schneider
Extra Defensemen
Normal : Dillon Heatherington, Drew Helleson, Colton White - PP : Dillon Heatherington - PK : Drew Helleson, Colton White
Penalty Shots
Mavrik Bourque, Mackenzie Entwistle, Drake Caggiula, Charles Hudon, Nicolas Deslauriers
Custom OT Lines Forwards
Mavrik Bourque, Mackenzie Entwistle, Drake Caggiula, Charles Hudon, Nicolas Deslauriers, John Leonard, Vasili Ponomarev, Gage Quinney, Cole Schneider, Tyler Madden
Custom OT Lines Defensemen
Marco Scandella, Josh Mahura, Jacob MacDonald, Will Butcher, Dillon Heatherington
Scratches
Wade Allison (Healthy), Emil Bemstrom (Healthy), Skyler Brind'Amour (Healthy), Montana Onyebuchi (Healthy), Matt Filipe (Healthy)
Dave Gust (Healthy), Matt Kiersted (Healthy), Zach Sawchenko (Healthy)
% Time on Ice - Admirals
Lines # - Real PCT - Wanted PCT - Time Play
Normal Forward
1 - 21% - 25% - 8:26
2 - 30% - 25% - 11:46
3 - 35% - 25% - 14:00
4 - 14% - 25% - 5:32
Normal Defense
1 - 16% - 25% - 6:16
2 - 29% - 25% - 11:30
3 - 38% - 25% - 14:55
4 - 18% - 25% - 7:03
PP Forward
1 - 47% - 60% - 5:36
2 - 53% - 40% - 6:17
PP Defense
1 - 45% - 60% - 5:18
2 - 55% - 40% - 6:35
PK Forward
1 - 76% - 60% - 5:34
2 - 24% - 40% - 1:48
PK Defense
1 - 40% - 60% - 2:56
2 - 60% - 40% - 4:26
PK3 Forward
1 - 0% - 60%
2 - 0% - 40%
PK3 Defense
1 - 0% - 60%
2 - 0% - 40%
44 Forward
1 - 100% - 60% - 1:01
2 - 0% - 40% - 0:00
44 Defense
1 - 74% - 60% - 0:45
2 - 26% - 40% - 0:16
Last Minute Offensive - 0:00
Last Minute Defensive - 0:00
Total
Forward - 60:00
Defense - 60:00
|
% Time on Ice - Wolfpack
Lines # - Real PCT - Wanted PCT - Time Play
Normal Forward
1 - 19% - 25% - 7:43
2 - 26% - 25% - 10:15
3 - 34% - 25% - 13:34
4 - 21% - 25% - 8:12
Normal Defense
1 - 19% - 25% - 7:40
2 - 23% - 25% - 9:13
3 - 41% - 25% - 16:26
4 - 16% - 25% - 6:25
PP Forward
1 - 48% - 60% - 3:33
2 - 52% - 40% - 3:49
PP Defense
1 - 49% - 60% - 3:35
2 - 51% - 40% - 3:47
PK Forward
1 - 62% - 60% - 7:22
2 - 38% - 40% - 4:31
PK Defense
1 - 42% - 60% - 4:56
2 - 58% - 40% - 6:57
PK3 Forward
1 - 0% - 60%
2 - 0% - 40%
PK3 Defense
1 - 0% - 60%
2 - 0% - 40%
44 Forward
1 - 90% - 60% - 0:55
2 - 10% - 40% - 0:06
44 Defense
1 - 90% - 60% - 0:55
2 - 10% - 40% - 0:06
Last Minute Offensive - 0:00
Last Minute Defensive - 0:00
Total
Forward - 60:00
Defense - 60:00
|
Play-by-Play
1st period
0:01 of 1st period - Mavrik Bourque wins face-off versus Vinni Lettieri in neutral zone.
1:02 of 1st period - Shot by Jesse Ylonen.
1:02 of 1st period - Deflect By Taylor Ward.
1:02 of 1st period - Shot Blocked by Marco Scandella.
1:04 of 1st period - Shot by Adam Brooks.
1:04 of 1st period - Shot Misses the Net.
1:35 of 1st period - Shot by Gage Goncalves.
1:35 of 1st period - Stopped by Jesper Wallstedt without a rebound.
1:36 of 1st period - Gage Quinney wins face-off versus Gage Goncalves in Wolfpack zone.
1:53 of 1st period - Icing by Michael Karow.
1:54 of 1st period - Vasili Ponomarev wins face-off versus Jeff Kubiak in Admirals zone.
1:55 of 1st period - Shot by John Leonard.
1:55 of 1st period - Deflect By Cole Schneider.
1:55 of 1st period - Shot Blocked by William Wallinder.
2:11 of 1st period - Nick Jones is hit by Drew Helleson and loses puck.
2:16 of 1st period - Shot by Gage Goncalves.
2:16 of 1st period - Stopped by Jesper Wallstedt with a rebound.
2:18 of 1st period - Shot by Jeff Kubiak.
2:18 of 1st period - Stopped by Jesper Wallstedt with a rebound.
2:27 of 1st period - Cole Schneider is hit by Derrick Pouliot and loses puck.
2:44 of 1st period - Icing by Dillon Heatherington.
2:45 of 1st period - Vasili Ponomarev wins face-off versus Adam Brooks in Wolfpack zone.
3:18 of 1st period - Shot by Gage Quinney.
3:18 of 1st period - Stopped by Alex Stalock without a rebound.
3:19 of 1st period - Vinni Lettieri wins face-off versus Tyler Madden in Admirals zone.
3:19 of 1st period - Vinni Lettieri is hit by Mavrik Bourque.
3:27 of 1st period - Shot by Michael Pezzetta.
3:27 of 1st period - Shot Blocked by Colton White.
3:29 of 1st period - Shot by Boris Katchouk.
3:29 of 1st period - Goal by Boris Katchouk - Admirals : 1 - Wolfpack : 0.
3:30 of 1st period - Tyler Madden wins face-off versus Jeff Kubiak in neutral zone.
4:53 of 1st period - Shot by Vinni Lettieri.
4:53 of 1st period - Shot Misses the Net.
5:23 of 1st period - Shot by Adam Brooks.
5:23 of 1st period - Shot Misses the Net.
5:25 of 1st period - Shot by Taylor Ward.
5:25 of 1st period - Stopped by Jesper Wallstedt without a rebound.
5:26 of 1st period - Gage Goncalves wins face-off versus Vasili Ponomarev in Wolfpack zone.
5:47 of 1st period - Shot by Jeff Kubiak.
5:47 of 1st period - Goal by Jeff Kubiak - Admirals : 2 - Wolfpack : 0.
5:48 of 1st period - Tyler Madden wins face-off versus Adam Brooks in neutral zone.
6:22 of 1st period - Shot by Mavrik Bourque.
6:22 of 1st period - Shot Blocked by William Wallinder.
6:43 of 1st period - John Leonard is hit by William Wallinder.
8:14 of 1st period - Dillon Heatherington beats up Jeff Kubiak.
8:14 of 1st period - Penalty to Dillon Heatherington for Fighting.
8:14 of 1st period - Penalty to Jeff Kubiak for Fighting.
8:14 of 1st period - Penalty to Dillon Heatherington for instigated a fight.
8:14 of 1st period - Dillon Heatherington is ejected from game.
8:15 of 1st period - Mavrik Bourque wins face-off versus Landon Slaggert in Wolfpack zone.
8:37 of 1st period - Icing by Ethan Prow.
8:38 of 1st period - Mavrik Bourque wins face-off versus Landon Slaggert in Admirals zone.
8:51 of 1st period - Shot by Gage Goncalves.
8:51 of 1st period - Shot Misses the Net.
9:36 of 1st period - Icing by Vinni Lettieri.
9:37 of 1st period - Mavrik Bourque wins face-off versus Vinni Lettieri in Admirals zone.
10:20 of 1st period - Landon Slaggert is hit by Cole Schneider and loses puck.
10:25 of 1st period - Shot by Vasili Ponomarev.
10:25 of 1st period - Shot Blocked by William Wallinder.
10:31 of 1st period - Shot by Vasili Ponomarev.
10:31 of 1st period - Deflect By Cole Schneider.
10:31 of 1st period - Stopped by Alex Stalock with a rebound.
10:33 of 1st period - Shot by John Leonard.
10:33 of 1st period - Goal by John Leonard - Admirals : 2 - Wolfpack : 1.
10:34 of 1st period - Vinni Lettieri wins face-off versus Nicolas Deslauriers in neutral zone.
10:36 of 1st period - Boris Katchouk is hit by Nicolas Deslauriers and loses puck.
11:18 of 1st period - Minor Penalty to Mavrik Bourque for Roughing.
11:19 of 1st period - Cole Schneider wins face-off versus Adam Brooks in Wolfpack zone.
11:32 of 1st period - Shot by Jesse Ylonen.
11:32 of 1st period - Shot Misses the Net.
11:34 of 1st period - Shot by Jesse Ylonen.
11:34 of 1st period - Stopped by Jesper Wallstedt with a rebound.
11:38 of 1st period - Shot by Jesse Ylonen.
11:38 of 1st period - Stopped by Jesper Wallstedt without a rebound.
11:39 of 1st period - Cole Schneider wins face-off versus Adam Brooks in Wolfpack zone.
13:08 of 1st period - Shot by Landon Slaggert.
13:08 of 1st period - Shot Blocked by Drake Caggiula.
13:10 of 1st period - Shot by Derrick Pouliot.
13:10 of 1st period - Stopped by Jesper Wallstedt without a rebound.
13:11 of 1st period - Vinni Lettieri wins face-off versus Gage Quinney in Wolfpack zone.
15:26 of 1st period - Shot by Boris Katchouk.
15:26 of 1st period - Shot Misses the Net.
15:28 of 1st period - Shot by Michael Pezzetta.
15:28 of 1st period - Stopped by Jesper Wallstedt without a rebound.
15:29 of 1st period - Charles Hudon wins face-off versus Vinni Lettieri in Wolfpack zone.
15:43 of 1st period - Gage Quinney is hit by Michael Pezzetta and loses puck.
15:45 of 1st period - Minor Penalty to Jacob MacDonald for Holding.
15:46 of 1st period - Mavrik Bourque wins face-off versus Adam Brooks in Wolfpack zone.
16:29 of 1st period - Icing by Jesse Ylonen.
16:30 of 1st period - Adam Brooks wins face-off versus Drake Caggiula in Admirals zone.
16:49 of 1st period - Shot by Derrick Pouliot.
16:49 of 1st period - Shot Misses the Net.
17:07 of 1st period - Shot by Vinni Lettieri.
17:07 of 1st period - Stopped by Jesper Wallstedt without a rebound.
17:08 of 1st period - Boris Katchouk wins face-off versus Drake Caggiula in Wolfpack zone.
18:41 of 1st period - Off-side.
18:42 of 1st period - Charles Hudon wins face-off versus Adam Brooks in neutral zone.
18:44 of 1st period - Off-side.
18:45 of 1st period - Adam Brooks wins face-off versus Charles Hudon in neutral zone.
18:45 of 1st period - Taylor Ward is hit by Nicolas Deslauriers and loses puck.
18:50 of 1st period - Shot by Gage Quinney.
18:50 of 1st period - Shot Misses the Net.
18:52 of 1st period - Shot by Charles Hudon.
18:52 of 1st period - Deflect By Nicolas Deslauriers.
18:52 of 1st period - Shot Misses the Net.
18:56 of 1st period - Shot by Marco Scandella.
18:56 of 1st period - Stopped by Alex Stalock with a rebound.
18:58 of 1st period - Shot by Gage Quinney.
18:58 of 1st period - Shot Misses the Net.
19:21 of 1st period - Jesse Ylonen is hit by Colton White and loses puck.
19:25 of 1st period - Icing by Marco Scandella.
19:26 of 1st period - Charles Hudon wins face-off versus Vinni Lettieri in Wolfpack zone.
Goals for this period are 2 for Admirals vs 1 for Wolfpack.
Shots for this period are 11 for Admirals vs 4 for Wolfpack.
2nd period
0:01 of 2nd period - Jesse Ylonen wins face-off versus Mavrik Bourque in neutral zone.
0:11 of 2nd period - Mackenzie Entwistle is hit by Derrick Pouliot and loses puck.
0:16 of 2nd period - Shot by Mackenzie Entwistle.
0:16 of 2nd period - Shot Hit the Post.
1:14 of 2nd period - Shot by Gage Quinney.
1:14 of 2nd period - Stopped by Alex Stalock with a rebound.
1:16 of 2nd period - Shot by Charles Hudon.
1:16 of 2nd period - Shot Misses the Net.
1:30 of 2nd period - Shot by Vasili Ponomarev.
1:30 of 2nd period - Shot Misses the Net.
2:14 of 2nd period - Shot by Mavrik Bourque.
2:14 of 2nd period - Stopped by Alex Stalock without a rebound.
2:15 of 2nd period - Mavrik Bourque wins face-off versus Jeff Kubiak in Admirals zone.
3:06 of 2nd period - Shot by Gage Quinney.
3:06 of 2nd period - Stopped by Alex Stalock without a rebound.
3:07 of 2nd period - Vasili Ponomarev wins face-off versus Adam Brooks in Admirals zone.
3:07 of 2nd period - John Leonard is hit by Michael Karow and loses puck.
3:28 of 2nd period - Shot by Adam Brooks.
3:28 of 2nd period - Deflect By Taylor Ward.
3:28 of 2nd period - Stopped by Jesper Wallstedt without a rebound.
3:29 of 2nd period - Jeff Kubiak wins face-off versus Charles Hudon in Wolfpack zone.
3:34 of 2nd period - Shot by Gage Goncalves.
3:34 of 2nd period - Stopped by Jesper Wallstedt without a rebound.
3:35 of 2nd period - Jeff Kubiak wins face-off versus Tyler Madden in Wolfpack zone.
3:50 of 2nd period - Shot by Mavrik Bourque.
3:50 of 2nd period - Shot Blocked by Gage Goncalves.
3:52 of 2nd period - Shot by Matthew Phillips.
3:52 of 2nd period - Stopped by Alex Stalock with a rebound.
3:54 of 2nd period - Shot by Tyler Madden.
3:54 of 2nd period - Deflect By Matthew Phillips.
3:54 of 2nd period - Shot Misses the Net.
3:56 of 2nd period - Shot by Marco Scandella.
3:56 of 2nd period - Stopped by Alex Stalock without a rebound.
3:57 of 2nd period - Charles Hudon wins face-off versus Adam Brooks in Admirals zone.
4:03 of 2nd period - Minor Penalty to Robbie Russo for Roughing.
4:04 of 2nd period - Mavrik Bourque wins face-off versus Gage Goncalves in Admirals zone.
4:05 of 2nd period - Shot by Marco Scandella.
4:05 of 2nd period - Shot Blocked by Ethan Prow.
4:07 of 2nd period - Shot by Marco Scandella.
4:07 of 2nd period - Stopped by Alex Stalock with a rebound.
4:35 of 2nd period - Shot by Mackenzie Entwistle.
4:35 of 2nd period - Deflect By Mavrik Bourque.
4:35 of 2nd period - Stopped by Alex Stalock without a rebound.
4:36 of 2nd period - Charles Hudon wins face-off versus FarmPlay1 in Admirals zone.
5:03 of 2nd period - Shot by Will Butcher.
5:03 of 2nd period - Shot Misses the Net.
5:05 of 2nd period - Shot by Jacob MacDonald.
5:05 of 2nd period - Stopped by Alex Stalock without a rebound.
5:06 of 2nd period - Mavrik Bourque wins face-off versus Gage Goncalves in Admirals zone.
5:33 of 2nd period - Shot by Mavrik Bourque.
5:33 of 2nd period - Stopped by Alex Stalock with a rebound.
6:08 of 2nd period - Icing by Adam Brooks.
6:09 of 2nd period - Vasili Ponomarev wins face-off versus Adam Brooks in Admirals zone.
6:13 of 2nd period - Icing by William Wallinder.
6:14 of 2nd period - Adam Brooks wins face-off versus Vasili Ponomarev in Admirals zone.
6:31 of 2nd period - Jesse Ylonen is hit by John Leonard and loses puck.
6:36 of 2nd period - Shot by John Leonard.
6:36 of 2nd period - Goal by John Leonard - Admirals : 2 - Wolfpack : 2.
6:37 of 2nd period - Vinni Lettieri wins face-off versus Tyler Madden in neutral zone.
6:40 of 2nd period - Matthew Phillips is hit by Michael Pezzetta and loses puck.
6:44 of 2nd period - Jacob MacDonald is hit by Michael Pezzetta and loses puck.
6:48 of 2nd period - Matthew Phillips is hit by Michael Pezzetta and loses puck.
6:52 of 2nd period - Jacob MacDonald is hit by Derrick Pouliot and loses puck.
7:01 of 2nd period - Shot by Matthew Phillips.
7:01 of 2nd period - Shot Blocked by Derrick Pouliot.
7:03 of 2nd period - Shot by Tyler Madden.
7:03 of 2nd period - Shot Misses the Net.
7:04 of 2nd period - Minor Penalty to Derrick Pouliot for Hooking.
7:05 of 2nd period - Gage Goncalves wins face-off versus Charles Hudon in Admirals zone.
8:13 of 2nd period - Shot by Drake Caggiula.
8:13 of 2nd period - Shot Blocked by Robbie Russo.
8:15 of 2nd period - Shot by Mackenzie Entwistle.
8:15 of 2nd period - Shot Blocked by Robbie Russo.
8:19 of 2nd period - Shot by Mavrik Bourque.
8:19 of 2nd period - Shot Misses the Net.
8:21 of 2nd period - Shot by Will Butcher.
8:21 of 2nd period - Deflect By Mavrik Bourque.
8:21 of 2nd period - Shot Misses the Net.
8:23 of 2nd period - Shot by Will Butcher.
8:23 of 2nd period - Shot Misses the Net.
8:33 of 2nd period - Shot by Drake Caggiula.
8:33 of 2nd period - Shot Misses the Net.
8:35 of 2nd period - Shot by Drake Caggiula.
8:35 of 2nd period - Shot Blocked by Gage Goncalves.
8:37 of 2nd period - Shot by Mackenzie Entwistle.
8:37 of 2nd period - Stopped by Alex Stalock without a rebound.
8:38 of 2nd period - Mavrik Bourque wins face-off versus Jesse Ylonen in Admirals zone.
8:46 of 2nd period - Icing by Jacob MacDonald.
8:47 of 2nd period - Mavrik Bourque wins face-off versus Nick Jones in Wolfpack zone.
8:58 of 2nd period - Shot by Drake Caggiula.
8:58 of 2nd period - Shot Misses the Net.
9:08 of 2nd period - Shot by Taylor Ward.
9:08 of 2nd period - Deflect By Adam Brooks.
9:08 of 2nd period - Shot Misses the Net.
9:20 of 2nd period - Shot by Cole Schneider.
9:20 of 2nd period - Stopped by Alex Stalock without a rebound.
9:21 of 2nd period - Vinni Lettieri wins face-off versus Charles Hudon in Admirals zone.
9:42 of 2nd period - Icing by Derrick Pouliot.
9:43 of 2nd period - Vasili Ponomarev wins face-off versus Vinni Lettieri in Admirals zone.
9:44 of 2nd period - Shot by Cole Schneider.
9:44 of 2nd period - Shot Blocked by Derrick Pouliot.
10:39 of 2nd period - Robbie Russo is hit by Mavrik Bourque.
11:26 of 2nd period - Shot by William Wallinder.
11:26 of 2nd period - Shot Blocked by Charles Hudon.
11:28 of 2nd period - Shot by William Wallinder.
11:28 of 2nd period - Stopped by Jesper Wallstedt without a rebound.
11:29 of 2nd period - Mavrik Bourque wins face-off versus Jeff Kubiak in Wolfpack zone.
11:44 of 2nd period - Shot by Drake Caggiula.
11:44 of 2nd period - Shot Misses the Net.
11:46 of 2nd period - Shot by Mackenzie Entwistle.
11:46 of 2nd period - Shot Blocked by Michael Karow.
11:48 of 2nd period - Shot by Drake Caggiula.
11:48 of 2nd period - Shot Blocked by Jeff Kubiak.
11:50 of 2nd period - Shot by Drake Caggiula.
11:50 of 2nd period - Shot Misses the Net.
11:52 of 2nd period - Shot by Drake Caggiula.
11:52 of 2nd period - Deflect By Mavrik Bourque.
11:52 of 2nd period - Shot Misses the Net.
11:54 of 2nd period - Shot by Drake Caggiula.
11:54 of 2nd period - Stopped by Alex Stalock without a rebound.
11:55 of 2nd period - Adam Brooks wins face-off versus Charles Hudon in Admirals zone.
11:55 of 2nd period - Adam Brooks is hit by Gage Quinney.
11:58 of 2nd period - Taylor Ward is hit by Nicolas Deslauriers and loses puck.
12:02 of 2nd period - Ethan Prow is hit by Charles Hudon and loses puck.
12:06 of 2nd period - Robbie Russo is hit by Jacob MacDonald and loses puck.
13:02 of 2nd period - Shot by Boris Katchouk.
13:02 of 2nd period - Stopped by Jesper Wallstedt without a rebound.
13:03 of 2nd period - Jeff Kubiak wins face-off versus Mavrik Bourque in Wolfpack zone.
13:16 of 2nd period - Shot by Mavrik Bourque.
13:16 of 2nd period - Shot Misses the Net.
13:44 of 2nd period - Minor Penalty to Taylor Ward for Hooking.
13:45 of 2nd period - Charles Hudon wins face-off versus Gage Goncalves in Admirals zone.
13:54 of 2nd period - Shot by Josh Mahura.
13:54 of 2nd period - Shot Misses the Net.
13:56 of 2nd period - Shot by Josh Mahura.
13:56 of 2nd period - Shot Blocked by Boris Katchouk.
15:40 of 2nd period - Shot by Marco Scandella.
15:40 of 2nd period - Shot Blocked by Derrick Pouliot.
16:55 of 2nd period - Adam Brooks is hit by Drew Helleson.
17:27 of 2nd period - Shot by Mavrik Bourque.
17:27 of 2nd period - Shot Blocked by Derrick Pouliot.
17:53 of 2nd period - Shot by Charles Hudon.
17:53 of 2nd period - Shot Blocked by Brandt Clarke.
17:55 of 2nd period - Shot by Nicolas Deslauriers.
17:55 of 2nd period - Stopped by Alex Stalock with a rebound.
18:01 of 2nd period - Shot by Charles Hudon.
18:01 of 2nd period - Stopped by Alex Stalock without a rebound.
18:02 of 2nd period - Charles Hudon wins face-off versus Jeff Kubiak in Admirals zone.
18:15 of 2nd period - Shot by Nicolas Deslauriers.
18:15 of 2nd period - Stopped by Alex Stalock without a rebound.
18:16 of 2nd period - Mavrik Bourque wins face-off versus Taylor Ward in Admirals zone.
18:16 of 2nd period - Drake Caggiula is hit by Robbie Russo and loses puck.
18:20 of 2nd period - Minor Penalty to Ethan Prow for Holding.
18:21 of 2nd period - Gage Goncalves wins face-off versus Mavrik Bourque in Admirals zone.
18:40 of 2nd period - Robbie Russo is hit by Mackenzie Entwistle and loses puck.
18:45 of 2nd period - Shot by Marco Scandella.
18:45 of 2nd period - Stopped by Alex Stalock with a rebound.
18:47 of 2nd period - Shot by Mackenzie Entwistle.
18:47 of 2nd period - Deflect By Mavrik Bourque.
18:47 of 2nd period - Goal by Mavrik Bourque - Admirals : 2 - Wolfpack : 3.
18:48 of 2nd period - Adam Brooks wins face-off versus Charles Hudon in neutral zone.
18:58 of 2nd period - Shot by Jesse Ylonen.
18:58 of 2nd period - Stopped by Jesper Wallstedt without a rebound.
18:58 of 2nd period - Minor Penalty to Jacob MacDonald for Tripping.
18:59 of 2nd period - Mavrik Bourque wins face-off versus Adam Brooks in Wolfpack zone.
19:05 of 2nd period - Icing by Jesse Ylonen.
19:06 of 2nd period - Adam Brooks wins face-off versus Mavrik Bourque in Admirals zone.
19:26 of 2nd period - Icing by Jesse Ylonen.
19:27 of 2nd period - Adam Brooks wins face-off versus Mavrik Bourque in Admirals zone.
19:27 of 2nd period - Adam Brooks is hit by Mackenzie Entwistle.
19:56 of 2nd period - Minor Penalty to Boris Katchouk for Tripping.
19:57 of 2nd period - Gage Goncalves wins face-off versus Mavrik Bourque in Admirals zone.
19:57 of 2nd period - Gage Goncalves is hit by Mackenzie Entwistle.
Goals for this period are 0 for Admirals vs 2 for Wolfpack.
Shots for this period are 5 for Admirals vs 18 for Wolfpack.
3rd period
0:01 of 3rd period - Gage Goncalves wins face-off versus Mavrik Bourque in neutral zone.
0:08 of 3rd period - Shot by Gage Goncalves.
0:08 of 3rd period - Shot Misses the Net.
1:04 of 3rd period - Icing by Will Butcher.
1:05 of 3rd period - Charles Hudon wins face-off versus Gage Goncalves in Wolfpack zone.
1:12 of 3rd period - Robbie Russo is hit by Nicolas Deslauriers and loses puck.
1:44 of 3rd period - Icing by Gage Quinney.
1:45 of 3rd period - Jesse Ylonen wins face-off versus Nicolas Deslauriers in Wolfpack zone.
1:45 of 3rd period - Brandt Clarke is hit by Jacob MacDonald and loses puck.
2:24 of 3rd period - Shot by Michael Pezzetta.
2:24 of 3rd period - Stopped by Jesper Wallstedt with a rebound.
2:26 of 3rd period - Shot by Boris Katchouk.
2:26 of 3rd period - Stopped by Jesper Wallstedt without a rebound.
2:27 of 3rd period - Adam Brooks wins face-off versus Mavrik Bourque in Wolfpack zone.
2:39 of 3rd period - Minor Penalty to Marco Scandella for Delaying the game.
2:40 of 3rd period - Mavrik Bourque wins face-off versus Jesse Ylonen in Wolfpack zone.
2:49 of 3rd period - Shot by Derrick Pouliot.
2:49 of 3rd period - Stopped by Jesper Wallstedt without a rebound.
2:50 of 3rd period - Mavrik Bourque wins face-off versus Vinni Lettieri in Wolfpack zone.
3:17 of 3rd period - Boris Katchouk is hit by Drew Helleson and loses puck.
3:28 of 3rd period - Icing by Vinni Lettieri.
3:29 of 3rd period - Gage Goncalves wins face-off versus Mavrik Bourque in Admirals zone.
4:18 of 3rd period - Drake Caggiula is hit by Adam Brooks and loses puck.
4:33 of 3rd period - Shot by Gage Goncalves.
4:33 of 3rd period - Stopped by Jesper Wallstedt without a rebound.
4:34 of 3rd period - Mavrik Bourque wins face-off versus Vinni Lettieri in Wolfpack zone.
4:59 of 3rd period - Off-side.
5:00 of 3rd period - Charles Hudon wins face-off versus Vinni Lettieri in neutral zone.
5:07 of 3rd period - Vinni Lettieri is hit by Jacob MacDonald and loses puck.
5:25 of 3rd period - Vinni Lettieri is hit by Will Butcher and loses puck.
5:35 of 3rd period - Icing by Will Butcher.
5:36 of 3rd period - Adam Brooks wins face-off versus Charles Hudon in Wolfpack zone.
5:36 of 3rd period - Derrick Pouliot is hit by Jacob MacDonald and loses puck.
6:05 of 3rd period - Shot by Mavrik Bourque.
6:05 of 3rd period - Shot Misses the Net.
6:07 of 3rd period - Shot by Mavrik Bourque.
6:07 of 3rd period - Stopped by Alex Stalock without a rebound.
6:08 of 3rd period - Cole Schneider wins face-off versus Gage Goncalves in Admirals zone.
6:09 of 3rd period - Shot by John Leonard.
6:09 of 3rd period - Shot Misses the Net.
6:11 of 3rd period - Shot by Cole Schneider.
6:11 of 3rd period - Stopped by Alex Stalock with a rebound.
6:13 of 3rd period - Shot by Drew Helleson.
6:13 of 3rd period - Shot Misses the Net.
6:15 of 3rd period - Shot by Vasili Ponomarev.
6:15 of 3rd period - Shot Blocked by Jeff Kubiak.
6:17 of 3rd period - Shot by Cole Schneider.
6:17 of 3rd period - Stopped by Alex Stalock without a rebound.
6:18 of 3rd period - Tyler Madden wins face-off versus Jeff Kubiak in Admirals zone.
7:35 of 3rd period - Vinni Lettieri is hit by Will Butcher and loses puck.
8:22 of 3rd period - Shot by Gage Quinney.
8:22 of 3rd period - Stopped by Alex Stalock without a rebound.
8:23 of 3rd period - Mavrik Bourque wins face-off versus Adam Brooks in Admirals zone.
9:09 of 3rd period - Gage Quinney is hit by Michael Karow and loses puck.
9:13 of 3rd period - Charles Hudon is hit by William Wallinder and loses puck.
9:26 of 3rd period - Shot by Charles Hudon.
9:26 of 3rd period - Shot Misses the Net.
9:28 of 3rd period - Shot by Colton White.
9:28 of 3rd period - Stopped by Alex Stalock without a rebound.
9:29 of 3rd period - Tyler Madden wins face-off versus Jeff Kubiak in Admirals zone.
9:30 of 3rd period - Shot by Mavrik Bourque.
9:30 of 3rd period - Shot Misses the Net.
9:32 of 3rd period - Shot by Matthew Phillips.
9:32 of 3rd period - Goal by Matthew Phillips - Admirals : 2 - Wolfpack : 4.
9:33 of 3rd period - Vasili Ponomarev wins face-off versus Jeff Kubiak in neutral zone.
10:33 of 3rd period - Icing by Derrick Pouliot.
10:34 of 3rd period - Jesse Ylonen wins face-off versus Tyler Madden in Admirals zone.
10:49 of 3rd period - Mavrik Bourque is hit by Jesse Ylonen and loses puck.
11:32 of 3rd period - Shot by Jeff Kubiak.
11:32 of 3rd period - Stopped by Jesper Wallstedt with a rebound.
11:36 of 3rd period - Shot by Gage Goncalves.
11:36 of 3rd period - Stopped by Jesper Wallstedt without a rebound.
11:37 of 3rd period - Mavrik Bourque wins face-off versus Nick Jones in Wolfpack zone.
11:44 of 3rd period - Shot by Nick Jones.
11:44 of 3rd period - Shot Blocked by Drew Helleson.
12:10 of 3rd period - Shot by Gage Goncalves.
12:10 of 3rd period - Shot Misses the Net.
12:17 of 3rd period - Icing by Drew Helleson.
12:18 of 3rd period - Adam Brooks wins face-off versus Mavrik Bourque in Wolfpack zone.
12:22 of 3rd period - Icing by Will Butcher.
12:23 of 3rd period - Adam Brooks wins face-off versus Mavrik Bourque in Wolfpack zone.
13:10 of 3rd period - Minor Penalty to Nicolas Deslauriers for Interference.
13:11 of 3rd period - Cole Schneider wins face-off versus Vinni Lettieri in Wolfpack zone.
13:24 of 3rd period - Shot by Vinni Lettieri.
13:24 of 3rd period - Stopped by Jesper Wallstedt without a rebound.
13:25 of 3rd period - Cole Schneider wins face-off versus Vinni Lettieri in Wolfpack zone.
13:46 of 3rd period - Marco Scandella is hit by Boris Katchouk and loses puck.
14:10 of 3rd period - Shot by Jesse Ylonen.
14:10 of 3rd period - Shot Blocked by Marco Scandella.
14:24 of 3rd period - Shot by Adam Brooks.
14:24 of 3rd period - Stopped by Jesper Wallstedt without a rebound.
14:25 of 3rd period - Adam Brooks wins face-off versus Mackenzie Entwistle in Wolfpack zone.
14:35 of 3rd period - Icing by Derrick Pouliot.
14:36 of 3rd period - Mavrik Bourque wins face-off versus Adam Brooks in Admirals zone.
15:06 of 3rd period - Off-side.
15:07 of 3rd period - Mavrik Bourque wins face-off versus Vinni Lettieri in neutral zone.
15:19 of 3rd period - Minor Penalty to Colton White for Hooking.
15:20 of 3rd period - Mackenzie Entwistle wins face-off versus Vinni Lettieri in Wolfpack zone.
16:09 of 3rd period - Shot by Jesse Ylonen.
16:09 of 3rd period - Shot Misses the Net.
16:17 of 3rd period - Shot by Adam Brooks.
16:17 of 3rd period - Stopped by Jesper Wallstedt with a rebound.
16:19 of 3rd period - Shot by Brandt Clarke.
16:19 of 3rd period - Goal by Brandt Clarke - Admirals : 3 - Wolfpack : 4.
16:20 of 3rd period - Vasili Ponomarev wins face-off versus Jeff Kubiak in neutral zone.
16:33 of 3rd period - Shot by Cole Schneider.
16:33 of 3rd period - Shot Hit the Post.
16:51 of 3rd period - Icing by Marco Scandella.
16:52 of 3rd period - Adam Brooks wins face-off versus Vasili Ponomarev in Wolfpack zone.
17:14 of 3rd period - Off-side.
17:15 of 3rd period - Tyler Madden wins face-off versus Boris Katchouk in neutral zone.
17:30 of 3rd period - Shot by Vinni Lettieri.
17:30 of 3rd period - Stopped by Jesper Wallstedt without a rebound.
17:31 of 3rd period - Charles Hudon wins face-off versus Jeff Kubiak in Wolfpack zone.
17:31 of 3rd period - Charles Hudon is hit by Nick Jones.
18:04 of 3rd period - William Wallinder is hit by Nicolas Deslauriers and loses puck.
18:42 of 3rd period - Shot by Mavrik Bourque.
18:42 of 3rd period - Shot Blocked by William Wallinder.
18:48 of 3rd period - Shot by Tyler Madden.
18:48 of 3rd period - Deflect By Mavrik Bourque.
18:48 of 3rd period - Shot Misses the Net.
18:52 of 3rd period - Shot by Mavrik Bourque.
18:52 of 3rd period - Shot Misses the Net.
18:54 of 3rd period - Shot by Mavrik Bourque.
18:54 of 3rd period - Stopped by Alex Stalock without a rebound.
18:55 of 3rd period - Vasili Ponomarev wins face-off versus Jesse Ylonen in Admirals zone.
18:56 of 3rd period - Shot by John Leonard.
18:56 of 3rd period - Deflect By Vasili Ponomarev.
18:56 of 3rd period - Goal by Vasili Ponomarev - Admirals : 3 - Wolfpack : 5.
18:57 of 3rd period - Vasili Ponomarev wins face-off versus Jesse Ylonen in neutral zone.
19:00 of 3rd period - Shot by Josh Mahura.
19:00 of 3rd period - Shot Misses the Net.
19:06 of 3rd period - Cole Schneider is hit by Boris Katchouk and loses puck.
19:26 of 3rd period - Off-side.
19:27 of 3rd period - Tyler Madden wins face-off versus Adam Brooks in neutral zone.
Goals for this period are 1 for Admirals vs 2 for Wolfpack.
Shots for this period are 11 for Admirals vs 8 for Wolfpack.
Back to the Top